AoeStats
← Comrade Jordo

Black Forest

520639653Analyzed
4v4 RM · 4d ago on Nov 12, 2026· 49m 24s· 8 players
Game mode
Random Map
Map size
Large (8 player)
Population
200
Speed
Normal
Resources
Standard
Victory
Conquest
Starting age
Dark Age
Ending age
Imperial Age
RankedLock teamsTeams togetherTeam positionsShared explorationLock speedFull tech treeHidden civsTurbo modeCheats
Victory
Defeat
🇪🇪 Dravidians · Estonia
1100
+15
🇺🇸 Varangians · United States
1077
+15
🇺🇾 Georgians · Uruguay
1064
+16
🇵🇱 Bohemians · Poland
1060
+16
vs
🇨🇦 Persians · Canada
1209
-21
🇺🇸 Ethiopians · United States
1047
-15
🇧🇷 Khmer · Brazil
1033
-14
🇨🇦 Chinese · Canada
966
-12
RaffaEP
0:31 Loom
11:52 Feudal Age
17:11 Castle Age
15:23 Fishing Lines
15:34 Double-Bit Axe
18:58 Horse Collar
21:47 Wheelbarrow
21:33 Bow Saw
21:24 Gold Mining
22:31 Fervor
23:46 Hand Cart
23:39 Gillnets
27:56 Stone Mining
28:08 Heavy Plow
32:37 Imperial Age
33:02 Stone Shaft Mining
32:38 Vendel Legacy
33:42 Conscription
34:08 Scale Barding Armor
34:13 Forging
35:02 Town Watch
35:40 Chain Barding Armor
35:11 Fletching
35:26 Husbandry
35:36 Bloodlines
34:48 Cavalier
36:44 Onager
37:48 Gothikon
37:52 Pikeman
38:18 Gambesons
38:33 Squires
38:18 Arson
38:18 Treadmill Crane
38:33 Murder Holes
39:54 Iron Casting
39:55 Plate Barding Armor
41:35 Blast Furnace
40:31 Bodkin Arrow
41:39 Chemistry
40:51 Masonry
41:02 Ballistics
40:33 Heated Shot
40:54 Fortified Wall
41:17 Halberdier
41:22 Capped Ram
42:37 Siege Ram
43:57 Architecture
43:59 Scale Mail Armor
44:00 Padded Archer Armor
44:08 Siege Engineers
44:09 Siphons
44:45 Bracer
45:01 Chain Mail Armor
46:48 Light Cavalry
47:53 Hussar
48:09 Elite Varangian Guard
Without Screen
0:33 Loom
16:05 Feudal Age
17:37 Double-Bit Axe
23:41 Castle Age
22:06 Fishing Lines
26:23 Wheelbarrow
25:34 Town Watch
26:39 Town Watch
27:01 Gillnets
29:46 Pikeman
30:29 Squires
30:34 Scale Mail Armor
30:45 Forging
33:25 Imperial Age
32:03 Hand Cart
32:18 Ballistics
32:57 Iron Casting
35:19 Chemistry
34:25 Siege Engineers
35:12 Bow Saw
34:50 Horse Collar
35:40 Chain Mail Armor
36:00 Heavy Plow
37:03 Two-Man Saw
35:52 Halberdier
37:25 Conscription
37:27 Wagenburg Tactics
37:53 Town Patrol
39:20 Elite Hussite Wagon
40:05 Houfnice
44:39 Plate Mail Armor
45:10 Blast Furnace
45:01 Caravan
45:31 Coinage
Laurix
0:53 Loom
15:25 Feudal Age
19:33 Double-Bit Axe
26:53 Castle Age
26:54 Fletching
28:10 Bow Saw
28:18 Gold Mining
30:58 Wheelbarrow
30:56 Elite Skirmisher
33:01 Bodkin Arrow
34:32 Padded Archer Armor
36:16 Town Watch
40:37 Imperial Age
39:11 Leather Archer Armor
39:46 Ballistics
40:06 Hand Cart
40:52 Capped Ram
43:08 Chemistry
44:59 Bracer
46:25 Bloodlines
45:39 Onager
48:47 Husbandry
49:26 Forging
49:21 Scale Barding Armor
Myrakaru
0:28 Loom
2:29 Loom
13:01 Feudal Age
13:36 Double-Bit Axe
16:35 Horse Collar
20:24 Castle Age
21:53 Heavy Plow
24:06 Fletching
24:47 Ballistics
25:11 Bodkin Arrow
28:59 Imperial Age
27:08 Bow Saw
28:12 Medical Corps
30:06 Conscription
29:54 Bracer
30:01 Padded Archer Armor
31:34 Chemistry
33:19 Thumb Ring
34:08 Leather Archer Armor
34:31 Wheelbarrow
34:58 Elite Elephant Archer
37:33 Husbandry
36:54 Light Cavalry
41:44 Hand Cart
JAF23
4:13 Loom
12:28 Feudal Age
14:25 Double-Bit Axe
15:34 Horse Collar
19:46 Castle Age
18:15 Fletching
18:26 Padded Archer Armor
19:37 Gold Mining
19:40 Stone Mining
21:25 Bow Saw
21:18 Heavy Plow
26:20 Wheelbarrow
26:18 Crossbowman
27:23 Caravan
28:34 Gold Shaft Mining
29:39 Hand Cart
29:47 Thumb Ring
33:20 Imperial Age
31:05 Bodkin Arrow
32:17 Leather Archer Armor
34:26 Ballistics
35:13 Two-Man Saw
34:18 Bracer
34:48 Ring Archer Armor
33:43 Arbalester
36:15 Forging
36:06 Scale Mail Armor
39:13 Elite Skirmisher
44:38 Elite Shotel Warrior
46:14 Iron Casting
45:55 Chain Mail Armor
50:06 Blast Furnace
49:36 Plate Mail Armor
Comrade Jordo
0:31 Loom
11:55 Feudal Age
12:47 Double-Bit Axe
16:00 Gold Mining
16:46 Fletching
17:07 Horse Collar
22:18 Castle Age
23:47 Bow Saw
25:44 Bodkin Arrow
32:51 Imperial Age
30:49 Padded Archer Armor
32:29 Ballistics
33:42 Leather Archer Armor
34:33 Chemistry
33:38 Bracer
35:24 Fortified Wall
35:18 Murder Holes
34:52 Elite Skirmisher
35:53 Forging
35:33 Pikeman
36:20 Squires
36:45 Halberdier
38:59 Two-Man Saw
38:43 Iron Casting
38:09 Scale Mail Armor
40:36 Ring Archer Armor
Alibarbwire
0:27 Loom
20:25 Feudal Age
20:50 Double-Bit Axe
26:23 Castle Age
24:59 Gold Mining
27:54 Horse Collar
34:03 Imperial Age
32:11 Wheelbarrow
31:46 Husbandry
31:57 Bloodlines
32:14 Scale Barding Armor
34:18 Gold Shaft Mining
33:46 Cavalier
36:30 Forging
37:36 Conscription
39:12 Bow Saw
41:23 Chemistry
40:44 Ballistics
41:02 Fletching
41:13 Padded Archer Armor
40:52 Elite Skirmisher
41:37 Thumb Ring
Pygero
0:42 Loom
13:23 Feudal Age
15:01 Wheelbarrow
17:11 Castle Age
15:27 Horse Collar
15:34 Double-Bit Axe
20:41 Bow Saw
21:13 Heavy Plow
25:10 Gold Mining
26:21 Stone Mining
27:45 Hand Cart
29:15 Ballistics
30:53 Masonry
31:58 Fishing Lines
34:51 Imperial Age
32:44 Husbandry
32:55 Bloodlines
32:07 Light Cavalry
33:49 Tusk Swords
34:32 Gold Shaft Mining
34:42 Stone Shaft Mining
35:34 Caravan
35:01 Hussar
36:05 Conscription
35:56 Double Crossbow
36:22 Padded Archer Armor
36:13 Fletching
36:28 Scale Barding Armor
36:34 Forging
36:12 Town Watch
36:54 Heavy Scorpion
38:21 Architecture
38:08 Bodkin Arrow
38:28 Leather Archer Armor
38:42 Chain Barding Armor
38:18 Bodkin Arrow
38:41 Leather Archer Armor
44:31 Chemistry
43:37 Siege Engineers
44:23 Pikeman
45:18 Halberdier
46:03 Scale Mail Armor
46:38 Iron Casting
46:05 Bracer
46:35 Ring Archer Armor
46:41 Plate Barding Armor
Connection lost

Rejoining the realm…

Still unreachable

The connection could not be restored.

Session expired

The server has moved on; the page needs a fresh start.